 Dungeon Crawl Stone Soup version 0.31-a0-1059-g83d41fd8b6 (webtiles) character file.

Game seed: 9742383601207814036

4000 Azuregosa the Covert (level 10, 0/74 HPs)
             Began as an Octopode Delver on Nov 21, 2023.
             Was an Initiate of Gozag.
             Slain by a two-headed ogre
             ... wielding a +0 giant spiked club
              (20 damage)
             ... on level 9 of the Dungeon.
             The game lasted 00:26:51 (9999 turns).

Azuregosa the Covert (Octopode Delver)              Turns: 9999, Time: 00:26:51

Health: 0/74       AC:  1    Str: 11    XL:     10   Next: 23%
Magic:  28/28      EV: 19    Int: 15    God:    Gozag
Gold:   409        SH:  0    Dex: 25    Spells: 21/21 levels left

rFire   x . .        x - +0 dagger (venom)
rCold   + + .        (no shield)
rNeg    . . .        (helmet restricted)
rPois   +            (no amulet)
rElec   .            n - +6 ring of dexterity
rCorr   .            c - ring of the Jester {Ice Drain rPois MP+9 Int+3}
SInv    +            O - ring of see invisible
Will    .....        Q - ring of protection from cold
Stlth   ++++++       (no ring)
HPRegen 0.32/turn    (no ring)
MPRegen 0.21/turn    (no ring)
                     (no ring)

%: no passive effects
@: no status effects
A: almost no armour, amphibious, 8 rings, camouflage 1, gelatinous body 1,
(nimble swimmer 1), tentacles
a: Renounce Religion, Potion Petition, Call Merchant, Bribe Branch


You were on level 9 of the Dungeon.
You worshipped Gozag.
Gozag was aware of your devotion.
You visited 2 branches of the dungeon, and saw 10 of its levels.
You also visited: Sewer.

You collected 1863 gold pieces.
You spent 781 gold pieces at shops.
You paid 673 gold pieces to Gozag.

Inventory:

Hand Weapons
 a - a +0 short sword
 g - a +0 trident
 m - a +2 eveningstar of draining
 x - a +0 dagger of venom (weapon)
 C - a +0 heavy scythe
 S - a +4 falchion of freezing
Missiles
 i - 86 stones (quivered)
 H - 2 curare-tipped darts
 K - 3 poisoned darts
 R - 4 boomerangs
 U - 2 throwing nets
Armour
 E - an orb of wrath
Magical Staves
 P - a staff of air
 Y - a staff of conjuration
Jewellery
 c - the ring of the Jester (right tentacle) {Ice Drain rPois MP+9 Int+3}
   (You bought it in a shop on level 5 of the Dungeon)

   [ring of ice]

   Ice:       It enhances your ice magic.
   Int+3:     It affects your intelligence (+3).
   rF-:       It makes you vulnerable to fire.
   rC+:       It protects you from cold.
   rPois:     It protects you from poison MP+9: It affects your magic capacity
   (+9).
   Drain:     It drains your maximum health when unequipped.
 n - a +6 ring of dexterity (left tentacle)
 O - a ring of see invisible (on tentacle)
 Q - a ring of protection from cold (on tentacle)
Talismans
 t - a beast talisman
 u - a flux talisman
 F - a serpent talisman
Wands
 f - a wand of digging (3)
 s - a wand of flame (12)
 T - a wand of roots (8)
 W - a wand of charming (10)
Scrolls
 b - 2 scrolls of fog
 d - 2 scrolls of torment {unknown}
 j - a scroll of immolation {unknown}
 k - a scroll of enchant weapon {unknown}
 o - 3 scrolls of teleportation
 r - 2 scrolls of enchant armour
 y - a scroll of noise
 A - 2 scrolls of brand weapon
 B - a scroll of amnesia
 D - a scroll of butterflies
 J - a scroll of silence {unknown}
 M - a scroll of poison {unknown}
 N - a scroll of vulnerability {unknown}
 V - a scroll of identify
Potions
 e - a potion of haste
 h - 4 potions of enlightenment
 l - a potion of attraction {unknown}
 p - a potion of berserk rage {unknown}
 q - 2 potions of heal wounds {unknown}
 v - 3 potions of lignification {unknown}
 w - 2 potions of invisibility {unknown}
 z - 2 potions of cancellation {unknown}
 G - a potion of magic {unknown}
 I - 2 potions of ambrosia {unknown}
 L - a potion of might {unknown}
 X - a potion of curing


   Skills:
 - Level 9.2 Fighting
 - Level 3.4 Short Blades
 + Level 7.6 Dodging
 - Level 10.0 Stealth
 - Level 6.0 Spellcasting


You had 21 spell levels left.
You didn't know any spells.
Your spell library contained the following spells:

 Spells                   Type           Power      Damage    Failure   Level
 Dazzling Flash           Conj/Hex       8%         N/A       41%         3
 Ozocubu's Armour         Ice            6%         N/A       41%         3
 Volatile Blastmotes      Fire/Tloc      8%         2d10      41%         3
 Starburst                Conj/Fire      2%         6d3       100%        6
 Ozocubu's Refrigeration  Ice            3%         4d8       100%        7
 Maxwell's Capacitive Co  Air            2%         ∞         100%        8


Dungeon Overview and Level Annotations

Branches:
Dungeon (9/15)             Temple (1/1) D:5           Sewer (visited)
   Lair: D:8-11         Orc: D:9-12

Altars:
Ashenzari
Cheibriados
Dithmenos
Elyvilon
Fedhas
Gozag
Hepliaklqana
Kikubaaqudgha
Makhleb
Okawaru
Qazlal
Ru
Sif Muna
Trog
Uskayaw
Vehumet
Wu Jian
Xom
Yredelemnul
Zin
The Shining One

Shops:
D:5 =


Innate Abilities, Weirdness & Mutations

You cannot wear most types of armour.
You are amphibious.
You can wear up to eight rings at the same time.
Your skin changes colour to match your surroundings (Stealth+).
Your rubbery body absorbs attacks. (AC +1, EV +1)
((You are camouflaged when in or above water. (Stealth+)))
You have tentacles for arms and can constrict up to eight enemies at once.


Message History

You hit the two-headed ogre.
The two-headed ogre looks as sick as possible!
You squeeze the two-headed ogre, but do no damage.
The two-headed ogre is moderately wounded.
You hit the two-headed ogre.
The two-headed ogre looks as sick as possible!
The two-headed ogre is moderately wounded.
The two-headed ogre hits you with a +0 giant spiked club!
The two-headed ogre closely misses you.
You hear an angry buzzing noise.
You hit the two-headed ogre.
The two-headed ogre looks as sick as possible!
You squeeze the two-headed ogre!
The two-headed ogre is heavily wounded.
You hear an angry buzzing noise. x5
You hit the two-headed ogre.
The two-headed ogre looks as sick as possible!
The two-headed ogre is severely wounded.
The two-headed ogre closely misses you.
The two-headed ogre hits you with a +0 giant spiked club.
You hit the two-headed ogre.
The two-headed ogre looks as sick as possible!
The two-headed ogre is severely wounded.
A killer bee comes into view. x2
The two-headed ogre hits you with a +0 giant spiked club!
The two-headed ogre hits you with a +0 giant spiked club!!
* * * LOW HITPOINT WARNING * * *
You hear an angry buzzing noise.
The killer bee buzzes angrily. x2
You hit the two-headed ogre but do no damage.
The two-headed ogre looks as sick as possible!
You squeeze the two-headed ogre.
The two-headed ogre is almost dead.
The two-headed ogre attacks as it pursues you!
The two-headed ogre misses you. The two-headed ogre closely misses you.
A killer bee comes into view.
There is a stone staircase leading up here.
The two-headed ogre barely misses you.
The two-headed ogre hits you with a +0 giant spiked club!!
You die...
Your body crumbles into a pile of gold.

# ## #...
.#.# #...
####
#...##.@#
#...#.O.#
#..#...#o.##
#.y.yy###
......$y....#
.....♣......#
.... .......#
### ....#####
#...#.


You could see a two-headed ogre (extremely poisoned), 3 killer bees and an orc.

Vanquished Creatures
  Grinder (D:4)
  2 hornets
  Sigmund (D:4)
  A shadow (D:7)
  A steam dragon (D:7)
  Menkaure (D:4)
  Duvessa (D:5)
  2 water moccasins
  3 ice beasts
  2 orc warriors
  A sky beast (D:7)
  A black bear (D:5)
  2 ogres
  A gnoll sergeant (D:7)
  3 scorpions
  3 bullfrogs
  4 wights (D:8)
  Dowan (D:5)
  A howler monkey (D:6)
  2 jellies
  3 orc priests
  4 hounds
  2 sleepcaps
  An iguana (D:7)
  4 orc wizards
  A sickly merfolk siren (Sewer)
  A malarious merfolk avatar (Sewer)
  Robin (D:4)
  10 gnolls
  14 adders
  2 river rats (Sewer)
  2 white imps
  2 ufetubi (D:6)
  3 worms
  3 dart slugs
  35 orcs
  5 endoplasms
  5 giant cockroaches
  15 goblins
  10 hobgoblins
  2 jackals (D:1)
  9 kobolds
  5 quokkas
  11 ball pythons
  5 bats
  7 frilled lizards
  28 rats
224 creatures vanquished.

Vanquished Creatures (others)
  An orc (D:7)
1 creature vanquished.

Grand Total: 225 creatures vanquished

Notes
Turn   | Place    | Note
-------+----------+-------------------------------------------
     0 | D:5      | Azuregosa the Octopode Delver began the quest for the Orb.
     0 | D:5      | Reached XP level 1. HP: 16/16 MP: 1/1
    28 | D:5      | Found a staircase to the Ecumenical Temple.
    41 | Temple   | Entered the Ecumenical Temple
   365 | D:5      | Reached skill level 7 in Stealth
   365 | D:5      | Reached XP level 2. HP: 21/21 MP: 2/2
   538 | Temple   | Became a worshipper of Gozag Ym Sagoz the Greedy
   608 | D:4      | Noticed Grinder
   630 | D:4      | Reached skill level 8 in Stealth
   630 | D:4      | Reached XP level 3. HP: 22/26 MP: 3/3
   730 | D:3      | Found a glowing drain.
   742 | D:3      | Reached XP level 4. HP: 21/31 MP: 4/4
   754 | Sewer    | Entered a sewer
   850 | Sewer    | Reached skill level 9 in Stealth
   905 | Sewer    | Reached XP level 5. HP: 24/36 MP: 5/5
  1147 | Sewer    | Reached skill level 10 in Stealth
  1540 | D:1      | Found a faded altar of an unknown god.
  1857 | D:1      | Reached XP level 6. HP: 42/42 MP: 6/6
  3746 | D:4      | Noticed Robin
  3751 | D:4      | Killed Robin
  3841 | D:4      | Killed Grinder
  3842 | D:4      | Reached skill level 5 in Dodging
  3842 | D:4      | Reached XP level 7. HP: 38/46 MP: 7/7
  3889 | D:4      | Noticed Menkaure
  3904 | D:4      | Killed Menkaure
  4183 | D:4      | Noticed Sigmund
  4190 | D:4      | Killed Sigmund
  4191 | D:4      | Reached skill level 5 in Fighting
  4191 | D:4      | Reached XP level 8. HP: 56/56 MP: 8/8
  4814 | D:5      | Reached skill level 1 in Spellcasting
  4851 | D:5      | Noticed Duvessa
  4851 | D:5      | Noticed Dowan
  4872 | D:5      | Killed Duvessa
  4878 | D:5      | Killed Dowan
  5850 | D:6      | Reached XP level 9. HP: 64/64 MP: 14/14
  6315 | D:6      | Found a stormy altar of Qazlal.
  6436 | D:6      | Found a glowing silver altar of Zin.
  6436 | D:6      | Found an ornate altar of the Wu Jian Council.
  6436 | D:6      | Found a hazy altar of Hepliaklqana.
  6904 | D:7      | Noticed a hornet
  6912 | D:7      | Killed a hornet
  6913 | D:7      | Reached skill level 5 in Spellcasting
  8181 | D:7      | Found a glowing golden altar of the Shining One.
  8684 | D:5      | Bought the ring of the Jester {Ice Drain rPois MP+9 Int+3}
                  | for 781 gold pieces
  8844 | D:8      | Found a shimmering blue altar of Sif Muna.
  9234 | D:8      | Noticed a hornet
  9245 | D:8      | Killed a hornet
  9246 | D:8      | Reached XP level 10. HP: 61/74 MP: 19/19
  9397 | D:8      | Found a hide-covered altar of Uskayaw.
  9399 | D:8      | Noticed a +0 hand axe
  9399 | D:8      | Noticed a +0 dagger
  9981 | D:9      | Noticed a two-headed ogre
  9999 | D:9      | Slain by a two-headed ogre

Illustrated notes

Levels and vault maps discovered:
D:1:      wheals_arrival_linesprint, layout_basic,
          shapermc_ecumenical_altar_starsandcircs
D:2:      layout_basic
D:3:      layout_rooms, gup_sewer_entry_glass, minmay_misc_feat_roman,
          kennysheep_flooded_box
D:4:      layout_basic, serial_park_tiny_pond, minmay_circle_x, uniq_robin,
          uniq_sigmund, uniq_grinder, uniq_menkaure
D:5:      layout_loops_corners, minmay_temple_entry_hall, nrook_pool_corridor,
          uniq_duvessa
D:6:      layout_cave_pods, grunt_qazlal_clouds, gammafunk_temple_overflow_claw,
          chequers_serial_rivers_large_a, corexii_item_surrounded_by_moat
D:7:      layout_gridville, tso_altar
D:8:      layout_rooms, nicolae_sif_muna_condensation, dancing_weapons_uskayaw
D:9:      gammafunk_wand_slinger, layout_loops_ring,
          nemelex_xobeh_ov_fountains_minmay, gammafunk_ghost_split,
          grunt_ministairs_6, uniq_jeremiah
Temple:   nicolae_temple_great_sept

Skill      XL: |  1  2  3  4  5  6  7  8  9 10 |
---------------+-------------------------------+-----
Stealth        | 7 8 9 10 | 10.0
Dodging        | 5 6 7 |  7.6
Fighting       | 5 7 9 |  9.2
Spellcasting   | 3 6 |  6.0
Short Blades   | 3 |  3.4

Action                     |  1- 3 |  4- 6 |  7- 9 | 10-12 || total
---------------------------+-------+-------+-------+-------++-------
  Melee: Short sword       |    24 |   125 |       |       ||   149
         Constrict         |     4 |    45 |    51 |     7 ||   107
         Tentacles         |     3 |    38 |    68 |    22 ||   131
         Dagger            |       |    74 |   229 |    54 ||   357
         Punch             |       |     1 |     3 |     2 ||     6
  Throw: Stone             |       |     1 |     1 |       ||     2
 Invoke: Call Merchant     |       |       |     1 |       ||     1
  Evoke: Wand              |       |       |     5 |       ||     5
    Use: Scroll            |     3 |       |     9 |       ||    12
         Potion            |       |       |     5 |       ||     5
   Stab: Sleeping          |     7 |    44 |    27 |     4 ||    82
         Distracted        |       |     4 |     1 |       ||     5
 Armour: Skin              |     4 |    46 |   110 |    17 ||   177
  Dodge: Dodged            |    14 |    83 |   146 |    28 ||   271

Table legend: (Time is in decaauts)
 A = Elapsed time spent in this place.
 B = Non-inter-level travel time spent in this place.
 C = Inter-level travel time spent in this place.
 D = Time resting spent in this place.
 E = Time spent auto-exploring this place.
 F = Levels seen in this place.
 G = Mean time per level.
                   A        B        C        D        E       F      G
               +--------+--------+--------+--------+--------+-----+--------+
         Total |   9947 |   9628 |    319 |   2469 |   4366 |  11 |  904.3 |
       Dungeon |   9397 |   9087 |    310 |   2416 |   4240 |   9 | 1044.1 |
        Temple |     21 |     13 |      8 |      0 |      0 |   1 |   21.0 |
         Sewer |    528 |    528 |      0 |     53 |    126 |   1 |  528.0 |
               +--------+--------+--------+--------+--------+-----+--------+

Top non-repeatable levels by time:
     D:7: 2097 daAuts
     D:5: 1760 daAuts
     D:6: 1445 daAuts
     D:2: 1062 daAuts
     D:8: 936 daAuts
     D:1: 797 daAuts
     D:3: 661 daAuts
     D:4: 616 daAuts
   Sewer: 528 daAuts
  Temple: 21 daAuts
     D:9: 21 daAuts
